 Dungeon Crawl Stone Soup version 0.19.1-1-g22dce08 (webtiles) character file.

18 M4edhros the Scratcher (level 2, -1/12 HPs)
             Began as a Felid Chaos Knight on Jan 4, 2017.
             Slain by a hobgoblin
             ... wielding a +0 club
              (3 damage)
             ... on level 1 of the Dungeon.
             The game lasted 00:00:38 (734 turns).

M4edhros the Scratcher (Felid Chaos Knight)          Turns: 734, Time: 00:00:38

Health: -1/12      AC:  1    Str:  7 (8)  XL:     2   Next: 51%
Magic:  3/3        EV: 15    Int: 10 (11) God:    Xom [..*...]
Gold:   35         SH:  0    Dex: 15      Spells: 0 memorised, 1 level left
                                        Lives:  0   Deaths: 0

rFire  . . .     SeeInvis +       - Unarmed
rCold  . . .     Gourm    .     (armour unavailable)
rNeg   . . .     Faith    .     (shield unavailable)
rPois  .         Spirit   .     (helmet unavailable)
rElec  .         Reflect  .     (cloak unavailable)
rCorr  .         Harm     .     (gloves unavailable)
MR     .....                    (boots unavailable)
Stlth  ++........               (no amulet)
                                (no ring)
                                b - -3 ring of evasion (curse)

@: quick
A: no armour, no weapons or thrown items, stealth, claws 1, fangs 3, see
invisible, carnivore 3, deterioration 1, dopey 1, speed 1, frail 1, shaggy fur
1, slow metabolism 1, sharp paws
a: Renounce Religion


You were on level 1 of the Dungeon.
You worshipped Xom.
You were a toy of Xom.
You were completely stuffed.

You visited 1 branch of the dungeon, and saw 1 of its levels.

You collected 35 gold pieces.

Inventory:

Jewellery
 b - a cursed -3 ring of evasion (left paw)
Scrolls
 c - a scroll of identify {unknown}
Comestibles
 a - a meat ration
 d - a chunk of flesh


   Skills:
 + Level 3.1 Fighting
 + Level 3.4 Dodging
 + Level 1.5 Stealth
 * Level 3.4 Unarmed Combat


You had one spell level left.
You didn't know any spells.

Dungeon Overview and Level Annotations

Branches:
Dungeon (1/15)

Altars:


Innate Abilities, Weirdness & Mutations

You cannot wear armour.
You are incapable of wielding weapons or throwing items.
Your paws allow you to move quietly. (Stealth)
You have sharp claws.
You have razor-sharp teeth.
You have supernaturally acute eyesight. (SInv)
You are carnivorous and can eat meat at any time.
You cover ground quickly.
You are covered in fur. (AC +1)
You have a slow metabolism.
Your sharp claws are effective at attacking unaware monsters.
Your body sometimes deteriorates upon taking damage.
You are dopey. (Int -2)
You are frail. (-10% HP)


Message History

A leopard gecko comes into view.
You closely miss the jackal.
The jackal is almost dead.
The jackal bites you.
The leopard gecko hisses angrily.
You scratch the jackal.
You kill the jackal!
A rat comes into view.
You scratch the hobgoblin. You bite the hobgoblin.
The hobgoblin is almost dead.
The hobgoblin barely misses you.
You barely miss the hobgoblin.
The hobgoblin is almost dead.
The hobgoblin hits you with a club.
* * * LOW HITPOINT WARNING * * *
The hobgoblin hits you but does no damage.
You are too injured to fight recklessly!
You are too injured to fight recklessly!
The hobgoblin hits you with a club.
You die...

## ..# ..##### ......#
#######.....#
#....@l.....###
###.....g.r.....#######
[...............'.....##
###......###....# ...
#[.....# #....# #..
######## #..... #..
###...r #.. #....# #.†
#....#####.


You could see a leopard gecko, a hobgoblin and a rat.

Vanquished Creatures
  A bat (D:1)
  2 giant cockroaches (D:1)
  4 hobgoblins (D:1)
  2 jackals (D:1)
  3 kobolds (D:1)
  A ball python (D:1)
  A frilled lizard (D:1)
  A rat (D:1)
15 creatures vanquished.

Notes
Turn   | Place    | Note
-------+----------+-------------------------------------------
     0 | D:1      | M4edhros the Felid Chaos Knight began the quest for the Orb.
     0 | D:1      | Reached XP level 1. HP: 10/10 MP: 2/2
   156 | D:1      | Reached skill level 1 in Stealth
   236 | D:1      | Reached XP level 2. HP: 14/14 MP: 3/3
   263 | D:1      | XOM: harmless Conj miscast
   462 | D:1      | XOM: give mutations
   462 | D:1      | Gained mutation: You are dopey. (Int -2) [Xom's mischief]
   462 | D:1      | Gained mutation: Your body sometimes deteriorates upon taking damage. [Xom's mischief]
   462 | D:1      | Gained mutation: You are frail. (-10% HP) [Xom's mischief]
   721 | D:1      | XOM: 4-stop teleportation journey
   734 | D:1      | Slain by a hobgoblin

Skill      XL: |  1 |
---------------+----+-----
Stealth        | 1 |  1.5
Fighting       | |  3.1
Dodging        | |  3.4
Unarmed Combat | |  3.4

Action                   || total
-------------------------++-------
Melee: Unarmed           ||    45
       Bite              ||     3
       Punch             ||     1
 Stab: Sleeping          ||     5
  Eat: Chunk             ||     7
Armor: Skin              ||     5
Dodge: Dodged            ||    30
